 Dungeon Crawl Stone Soup version 0.29-a0-234-g0dae59b3db (webtiles) character file.

Game seed: 16368135585680558778

147844 Colgate the Marksspriggan (level 16, -13/86 HPs)
             Began as a Spriggan Enchanter on Mar 2, 2022.
             Was the Champion of Nemelex Xobeh.
             Killed from afar by a death drake (22 damage)
             ... with a foul vapour
             ... on level 4 of the Swamp on Mar 6, 2022.
             The game lasted 03:37:45 (53073 turns).

Colgate the Marksspriggan (Spriggan Enchanter)     Turns: 53073, Time: 03:37:46

Health: -13/86     AC: 13    Str:  9    XL:     16   Next: 92%
Magic:  30/30      EV: 26    Int: 27    God:    Nemelex Xobeh [******]
Gold:   697        SH:  0    Dex: 20    Spells: 11/33 levels left

rFire   + . .      SeeInvis +   b - +8 shortbow of Mywuedd {venom, rF+ rC- rN+ Str+5}
rCold   x . .      Faith    .   (shield currently unavailable)
rNeg    + . .      Spirit   .   U - +4 troll leather armour {Snorg}
rPois   +          Reflect  .   B - +2 hat {Will+}
rElec   .          Harm     .   J - +2 cloak {Stlth+}
rCorr   +          Rampage  .   (gloves unavailable)
Will    +++..                   (boots unavailable)
Stlth   +++++++...              h - amulet of Qusuar {Regen+ Int+3}
HPRegen 1.84/turn               Z - ring "Syamiycya" {Fly rCorr Dex+4}
MPRegen 0.22/turn               d - ring of poison resistance

@: lethally poisoned (-13 -> -15), flying, slowed, quick
A: very small, no large weapons, unfitting armour, see invisible, speed 3
a: Renounce Religion, Draw Escape, Draw Destruction, Draw Summoning, Draw Stack,
Triple Draw, Deal Four, Stack Five


You were on level 4 of the Swamp.
You worshipped Nemelex Xobeh.
Nemelex Xobeh was exalted by your worship.
You visited 5 branches of the dungeon, and saw 28 of its levels.
You also visited: Sewer and Volcano.

You collected 3335 gold pieces.
You spent 2638 gold pieces at shops.

Inventory:

Hand Weapons
 a - a +4 dagger of flaming
 b - the +8 shortbow of Mywuedd (weapon) {venom, rF+ rC- rN+ Str+5}
   (You found it on level 11 of the Dungeon)

   Any ammunition fired from it poisons the flesh of those it strikes.
   Str:       It affects your strength (+5).
   rF:        It protects you from fire.
   rC:        It makes you vulnerable to cold.
   rN:        It protects you from negative energy.
 k - a +3 quick blade of venom
Missiles
 v - 3 throwing nets {!f}
Armour
 B - a +2 hat of willpower (worn)
 J - a +2 cloak of stealth (worn)
 U - a +4 troll leather armour (worn) {Snorg}
Magical Staves
 s - a staff of cold
Jewellery
 d - a ring of poison resistance (right hand)
 h - the amulet of Qusuar (around neck) {Regen+ Int+3}
   (You found it on level 12 of the Dungeon)

   [amulet of regeneration]

   Int:       It affects your intelligence (+3).
   Regen:     It increases your rate of health regeneration.
 l - a ring of positive energy
 n - a +6 ring of intelligence
 t - the ring of the Spinneret {rF++ rC+ rCorr Int-3 Slay+3 SInv}
   (You found it on level 5 of the Dungeon)

   [ring of protection from cold]

   Int:       It affects your intelligence (-3).
   Slay:      It affects your accuracy & damage with ranged weapons and melee
   (+3).
   rF:        It greatly protects you from fire.
   rC:        It protects you from cold.
   SInv:      It lets you see invisible.
   rCorr:     It protects you from acid and corrosion.
 y - a ring of willpower
 A - a ring of ice
 L - a ring of protection from cold
 N - a +4 ring of slaying
 V - a ring of magical power
 X - a ring of positive energy
 Z - the ring "Syamiycya" (left hand) {Fly rCorr Dex+4}
   (You found it on level 11 of the Dungeon)

   [ring of flight]

   Dex:       It affects your dexterity (+4).
   Fly:       It grants you flight.
   rCorr:     It protects you from acid and corrosion.
Wands
 e - a wand of acid (13) {@v1}
 x - a wand of flame (82)
 K - a wand of mindburst (37)
 Q - a wand of iceblast (43) {@v2}
 R - a wand of polymorph (10)
 W - a wand of paralysis (31)
Scrolls
 i - 5 scrolls of magic mapping {@r5}
 j - 19 scrolls of teleportation {@r3}
 p - 4 scrolls of fog
 q - 4 scrolls of amnesia
 u - 7 scrolls of fear
 w - 4 scrolls of silence
 z - 6 scrolls of holy word
 H - 8 scrolls of vulnerability
 I - 9 scrolls of blinking {@r4}
 S - a scroll of summoning
 T - a scroll of enchant weapon
Potions
 c - 4 potions of invisibility
 f - 14 potions of curing {@q1}
 g - 6 potions of haste {@q4}
 m - a potion of berserk rage
 o - 7 potions of cancellation
 r - 5 potions of lignification
 C - 3 potions of ambrosia
 D - a potion of resistance {@q5}
 E - 4 potions of might {@q3}
 G - 3 potions of mutation
 M - 8 potions of heal wounds {@q2}
 O - 3 potions of magic
 P - 5 potions of brilliance
 Y - 5 potions of attraction
Miscellaneous
 F - a tin of tremorstones (2/2)


   Skills:
 + Level 10.9 Fighting
 - Level 3.1 Short Blades
 - Level 16.0 Bows
 - Level 12.0 Dodging
 - Level 14.0 Stealth
 - Level 9.0 Spellcasting
 - Level 11.2 Hexes
 - Level 14.0 Translocations
 - Level 14.0 Transmutations
 - Level 9.0 Poison Magic
 - Level 8.1 Invocations
 - Level 4.1 Evocations


You had 11 spell levels left.
You knew the following spells:

 Your Spells              Type           Power      Damage    Failure   Level
a - Ensorcelled Hibernat  Hex/Ice        84%        N/A       1%          2
b - Confusing Touch       Hex            64%        N/A       1%          3
c - Tukima's Dance        Hex            64%        N/A       1%          3
d - Alistair's Intoxicat  Tmut/Pois      43%        N/A       1%          5
e - Mephitic Cloud        Conj/Pois/Air  28%        N/A       6%          3
f - Dispersal             Tloc           36%        N/A       3%          6

Your spell library contained the following spells:

 Spells                   Type           Power      Damage    Failure   Level
 Apportation              Tloc           100%       N/A       1%          1
 Poisonous Vapours        Pois/Air       72%        N/A       1%          2
 Dazzling Flash           Conj/Hex       84%        N/A       1%          3
 Gell's Gravitas          Tloc           73%        N/A       1%          3
 Inner Flame              Hex/Fire       42%        N/A       1%          3
 Teleport Other           Tloc           73%        N/A       1%          3
 Foxfire                  Conj/Fire      48%        2x1d6     7%          1
 Magic Dart               Conj           48%        1d5       7%          1
 Call Imp                 Summ           12%        N/A       10%         2
 Corpse Rot               Necr/Air       24%        N/A       10%         2
 Conjure Flame            Conj/Fire      12%        6-21      21%         3
 Flame Wave               Conj/Fire      12%        2d6       54%         4


Dungeon Overview and Level Annotations

Branches:
Dungeon (15/15)            Temple (1/1) D:7            Lair (6/6) D:9
  Swamp (4/4) Lair:4       Spider (0/4) Lair:4        Slime (0/5) Lair:5
    Orc (2/2) D:10            Elf (0/3) Orc:2        Vaults (0/5) D:13
 Depths (0/4) D:15          Sewer (visited)         Volcano (visited)

Altars:
Ashenzari
Cheibriados
Dithmenos
Elyvilon
Fedhas
Gozag
Hepliaklqana
Kikubaaqudgha
Makhleb
Nemelex Xobeh
Okawaru
Qazlal
Ru
Sif Muna
Trog
Uskayaw
Vehumet
Wu Jian
Xom
Yredelemnul
Zin
The Shining One
Beogh
Jiyva
Lugonu

Shops:
D:3 [   D:6 [   Orc:1 ?   Orc:2 ?*=[(!![?

Portals:
Pandemonium: Orc:2

Annotations:
D:3 2 tanssivaa asetta kallion takana
D:11 3 runed translucent doors


Innate Abilities, Weirdness & Mutations

You are very small and have problems with some larger weapons.
You are too small for most types of armour.
You have supernaturally acute eyesight. (SInv)
You cover ground extremely quickly. (Speed+++)


Message History

You are engulfed in dark miasma.
You are poisoned.
You feel very sick.
You shoot an arrow. The arrow hits the death drake!
You are engulfed in dark miasma.
You are more poisoned.
You feel very sick. The death drake breathes miasma at you.
The foul vapour misses you.
You're standing in a cloud of foul pestilence!
You are engulfed in dark miasma.
You are more poisoned.
You feel extremely sick.
You are engulfed in dark miasma.
You are more poisoned.
You feel yourself slow down.
You feel extremely sick.
You feel extremely sick.
You're wearing all the rings you can.
Remove which one? (? for menu, Esc to cancel) < or
Z - the ring "Syamiycya" {Fly rCorr Dex+4} > or
N - a +4 ring of slaying You remove your +4 ring of slaying.
You feel extremely sick.
d - a ring of poison resistance (right hand)
You feel very sick.
You are too injured to fight recklessly!
You feel extremely sick. The death drake breathes miasma at you.
The foul vapour misses you.
You are engulfed in dark miasma.
You feel very sick.
You are engulfed in dark miasma.
You feel as though you will be slow longer.
* * * LOW HITPOINT WARNING * * *
You feel very sick.
You feel very sick.
You feel very sick. The death drake breathes miasma at you.
The foul vapour engulfs you!!
You die...
Your body disappears without a glow.

♣ ♣♣♣≈ ♣♣≈≈. ....≈≈ ♣♣♣
♣♣♣♣♣♣♣♣♣ .....≈♣♣♣♣
♣♣.♣♣♣♣.≈≈§≈<≈≈
♣♣...≈≈♣♣♣♣♣♣♣♣♣≈.≈≈.♣♣≈≈≈≈≈.≈
♣..≈..≈≈.♣≈♣.♣♣<≈.≈≈.♣♣♣.≈≈≈.≈
♣♣.......†k☼§@..≈..≈♣♣♣♣♣≈≈†..
.≈.≈..≈.....≈♣..≈..♣≈....≈.<†...
♣..≈..≈..≈.○○♣♣≈≈≈..≈♣♣.........
≈......≈.≈.°♣♣♣♣♣♣≈..≈♣.≈≈≈≈≈≈.≈
...≈≈≈≈..≈♣♣♣ ♣♣♣≈.≈♣♣.≈†≈≈≈≈≈.
.≈..≈≈..♣♣♣ ♣♣.≈≈≈.♣.≈≈.≈≈≈≈≈≈
....######## ♣...§≈.♣...≈.≈≈≈≈≈
≈## ♣.≈.# #♣♣♣..≈≈.≈.≈...≈≈≈
♣♣.≈≈♣## ♣≈≈§♣♣♣♣....♣♣♣


You could see a death drake (catching breath).

Vanquished Creatures
  Mlioglotl (Swamp:1)
  Kirke (Swamp:1)
  Gastronok (Lair:2)
  2 thorn hunters
  The ghost of Colgate the Imperceptible, an adept SpEn of Jiyva (Swamp:3)
  A fenstrider witch (Swamp:4)
  An orc warlord (Orc:2)
  A very ugly thing (D:15)
  An eleionoma (Swamp:2)
  5 bunyips
  Snorg (Orc:1)
  A fire dragon (Lair:6)
  An ettin (Orc:1)
  Josephine (Lair:5)
  Fannar (D:9)
  Harold (Orc:1)
  15 hydras
  5 boulder beetles
  5 ogre magi
  2 rakshasas
  A vault guard (D:13)
  2 demonspawn (Orc:2)
  A death knight (D:13)
  3 ghost crabs
  9 two-headed ogres
  9 death yaks
  10 alligators
  4 centaur warriors
  5 orc high priests (Orc:2)
  Amaemon (Lair:2)
  A fire crab (shapeshifter) (D:15)
  2 soul eaters (Orc:2)
  2 fire crabs
  A glowing orange brain (D:15)
  3 goliath frogs
  3 swamp dragons
  4 bog bodies
  A spriggan druid (Swamp:3)
  5 orc knights
  2 lindwurms
  23 ugly things
  5 deep elf pyromancers
  6 cyclopes
  2 will-o-the-wisps
  6 manticores
  9 orc sorcerers
  12 elephants
  A rust devil (Orc:2)
  8 black mambas
  An orange demon (Lair:2)
  Joseph (D:10)
  Maggie (D:6)
  17 cane toads
  4 molten gargoyles
  3 gargoyles
  An unseen horror (D:12)
  3 efreet
  2 rime drakes
  17 komodo dragons
  A yaktaur (D:11)
  2 ice devils (Orc:2)
  A merfolk (shapeshifter) (D:11)
  2 bloated husks
  4 trolls
  2 hornets
  2 wind drakes (shapeshifter)
  2 polar bears
  5 tyrant leeches
  13 blink frogs
  11 slime creatures
  A dream sheep (Lair:5)
  A centaur simulacrum (D:11)
  4 jumping spiders (Lair:4)
  2 shadows
  A spriggan (Swamp:2)
  6 water elementals
  2 wyverns
  6 culicivoras (Lair:4)
  12 yaks
  4 wraiths
  Grum (D:10)
  2 redbacks (Lair:4)
  A vampire (D:12)
  7 basilisks
  A human (Swamp:1)
  5 fire bats (Volcano)
  6 steam dragons
  7 vampire mosquitoes
  A redback (shapeshifter) (D:15)
  2 wargs
  2 acid dragons
  15 swamp worms
  15 water moccasins
  5 hell hounds
  An ice beast (D:8)
  A swamp drake (Swamp:1)
  Pargi (Sewer)
  3 sky beasts
  30 orc warriors
  13 ogres
  13 wolves
  11 centaurs
  A kobold brigand (D:7)
  A gnoll sergeant (D:11)
  8 bullfrogs
  2 scorpions
  9 wights
  8 killer bees
  A troll skeleton (D:9)
  5 spriggan skeletons (D:9)
  12 electric eels
  A howler monkey (D:4)
  9 lava snakes
  25 orc priests
  2 gnoll shamans
  4 jellies
  9 iguanas
  14 orc wizards
  20 gnolls
  13 adders
  A white imp (D:6)
  An ufetubus (D:5)
  2 worms
  73 orcs
  7 endoplasms
  6 giant cockroaches
  6 goblins
  6 hobgoblins
  2 jackals (D:3)
  13 kobolds
  5 quokkas
  6 ball pythons
  6 bats
  3 frilled lizards
  7 rats
  2 briar patches (Swamp:3)
756 creatures vanquished.

Vanquished Creatures (collateral kills)
  Erica (D:10)
  Urug (D:10)
  A swamp dragon (Swamp:2)
  A spriggan (Swamp:2)
  A centaur (D:9)
5 creatures vanquished.

Vanquished Creatures (others)
  An eleionoma (Swamp:1)
  A hornet (Swamp:2)
  5 dancing weapons
  A human (Swamp:1)
  A quokka (D:6)
  2 briar patches (Swamp:3)
  2 bushes (Lair:1)
  10 foxfires
  52 fungi
  155 plants
  2 starspawn tentacles (Swamp:1)
  4 toadstools (D:12)
236 creatures vanquished.

Grand Total: 997 creatures vanquished

Notes
Turn   | Place    | Note
-------+----------+-------------------------------------------
     0 | D:1      | Colgate the Spriggan Enchanter began the quest for the Orb.
     0 | D:1      | Reached XP level 1. HP: 9/9 MP: 5/5
   292 | D:1      | Reached XP level 2. HP: 3/13 MP: 6/6
   295 | D:1      | Learned a level 2 spell: Ensorcelled Hibernation
  1021 | D:1      | Found a faded altar of an unknown god.
  1024 | D:1      | Prayed at the altar of an unknown god.
  1024 | D:1      | Became a worshipper of Nemelex Xobeh the Trickster
  1024 | D:1      | Reached * piety under Nemelex Xobeh
  1108 | D:2      | Reached skill level 5 in Hexes
  1159 | D:2      | Reached XP level 3. HP: 16/16 MP: 8/8
  1163 | D:2      | Learned a level 3 spell: Confusing Touch
  1182 | D:2      | Received a gift from Nemelex Xobeh
  1833 | D:3      | Received a gift from Nemelex Xobeh
  1834 | D:3      | Found a glowing silver altar of Zin.
  2045 | D:3      | Reached ** piety under Nemelex Xobeh
  2132 | D:3      | Found Inomaen's Armour Boutique.
  2344 | D:3      | Found a radiant altar of Vehumet.
  2509 | D:3      | Noticed a +0 dagger
  2510 | D:3      | Noticed a +0 dagger
  2512 | D:3      | Found a hide-covered altar of Uskayaw.
  2523 | D:3      | Reached XP level 4. HP: 19/21 MP: 2/9
  3454 | D:3      | Learned a level 3 spell: Tukima's Dance
  3480 | D:4      | Noticed a scorpion
  3815 | D:3      | Killed a scorpion
  3816 | D:3      | Reached XP level 5. HP: 20/24 MP: 5/10
  4258 | D:3      | Found a hide-covered altar of Uskayaw.
  4425 | D:3      | Found a glowing silver altar of Zin.
  4568 | D:3      | Found a radiant altar of Vehumet.
  4611 | D:3      | Found Inomaen's Armour Boutique.
  5200 | D:4      | Reached skill level 5 in Stealth
  5200 | D:4      | Reached XP level 6. HP: 23/28 MP: 4/13
  5377 | D:4      | Received a gift from Nemelex Xobeh
  5846 | D:5      | Entered Level 5 of the Dungeon
  5846 | D:5      | Found a basalt altar of Yredelemnul.
  5875 | D:5      | Received a gift from Nemelex Xobeh
  5883 | D:5      | Reached *** piety under Nemelex Xobeh
  5884 | D:5      | Found a glowing drain.
  5896 | Sewer    | Entered a sewer
  6119 | Sewer    | Noticed Pargi
  6146 | Sewer    | Killed Pargi
  6154 | Sewer    | Identified the +8 quarterstaff of the Elven Halls {elec,
                  | rCorr Str-2 Dex+5}
  6547 | D:5      | Identified the ring of the Spinneret {rF++ rC+ rCorr Int-3
                  | Slay+3 SInv}
  6741 | D:5      | Reached XP level 7. HP: 30/32 MP: 6/14
  7215 | D:5      | Received a gift from Nemelex Xobeh
  7713 | D:5      | Reached skill level 5 in Spellcasting
  7887 | D:6      | Reached XP level 8. HP: 36/36 MP: 11/16
  8001 | D:6      | Reached skill level 10 in Hexes
  8152 | D:6      | Found a white marble altar of Elyvilon.
  8157 | D:6      | Reached skill level 1 in Invocations
  8568 | D:6      | Noticed Maggie
  8573 | D:6      | Killed Maggie
  9657 | D:6      | Reached skill level 10 in Stealth
  9659 | D:6      | Found Zeara's Armour Emporium.
  9665 | D:6      | Bought a +2 hat of willpower for 315 gold pieces
  9890 | D:6      | Reached XP level 9. HP: 39/39 MP: 21/21
 10136 | D:6      | Found a bloodstained altar of Trog.
 10780 | D:6      | Found a white marble altar of Elyvilon.
 10911 | D:6      | Found Zeara's Armour Emporium.
 11393 | D:6      | Found a bloodstained altar of Trog.
 11532 | D:7      | Found an iron altar of Okawaru.
 11551 | D:7      | Reached **** piety under Nemelex Xobeh
 11736 | D:7      | Received a gift from Nemelex Xobeh
 11818 | D:7      | Found a staircase to the Ecumenical Temple.
 11839 | Temple   | Entered the Ecumenical Temple
 11888 | D:7      | Found a hazy altar of Hepliaklqana.
 12088 | D:7      | Received a gift from Nemelex Xobeh
 12598 | D:7      | Found an ornate altar of the Wu Jian Council.
 12772 | D:7      | Reached skill level 5 in Invocations
 13475 | D:8      | Found a burning altar of Makhleb.
 13482 | D:8      | Found an ancient bone altar of Kikubaaqudgha.
 13484 | D:8      | Found a snail-covered altar of Cheibriados.
 13484 | D:8      | Found a glowing golden altar of the Shining One.
 13504 | D:8      | Received a gift from Nemelex Xobeh
 13613 | D:8      | Reached ***** piety under Nemelex Xobeh
 13880 | D:8      | Found a snail-covered altar of Cheibriados.
 13884 | D:8      | Found an ancient bone altar of Kikubaaqudgha.
 13884 | D:8      | Found a glowing golden altar of the Shining One.
 13888 | D:8      | Found a burning altar of Makhleb.
 14146 | D:9      | Noticed a troll
 14150 | D:9      | Killed a troll
 14151 | D:9      | Reached skill level 1 in Fighting
 14191 | D:8      | Learned a level 2 spell: Ensorcelled Hibernation
 14196 | D:9      | Reached XP level 10. HP: 44/46 MP: 18/22
 14755 | D:9      | Found a staircase to the Lair.
 14853 | D:9      | Received a gift from Nemelex Xobeh
 15648 | D:9      | Reached skill level 1 in Bows
 15790 | D:9      | Reached skill level 2 in Bows
 16091 | D:9      | Reached skill level 3 in Bows
 16586 | D:9      | Reached skill level 4 in Bows
 17025 | D:9      | Found a staircase to the Lair.
 17302 | D:9      | Found a sacrificial altar of Ru.
 17386 | D:9      | Received a gift from Nemelex Xobeh
 17619 | D:10     | Entered Level 10 of the Dungeon
 17619 | D:10     | Noticed a two-headed ogre
 17804 | D:9      | Killed a two-headed ogre
 17805 | D:9      | Reached skill level 6 in Bows
 17818 | D:10     | You fall into a shaft and drop 3 floors!
 17818 | D:13     | Noticed a cyclops
 17818 | D:13     | Noticed a death knight
 17845 | D:13     | Noticed a cyan ugly thing
 17862 | D:13     | Noticed a manticore
 18272 | D:11     | Noticed a purple ugly thing
 18275 | D:11     | Noticed a two-headed ogre
 18352 | D:10     | Noticed Urug
 18360 | D:10     | Killed Urug
 18408 | D:10     | Found a stormy altar of Qazlal.
 18411 | D:10     | Noticed a two-headed ogre
 18415 | D:10     | Killed a two-headed ogre
 18419 | D:10     | Received a gift from Nemelex Xobeh
 18442 | D:10     | Found a broken altar of Ashenzari.
 18458 | D:10     | Noticed a manticore
 18464 | D:10     | Killed a manticore
 18465 | D:10     | Reached XP level 11. HP: 50/50 MP: 23/23
 18471 | D:10     | Learned a level 5 spell: Alistair's Intoxication
 18534 | D:10     | Noticed Erica
 18545 | D:10     | Killed Erica
 18961 | D:10     | Found a staircase to the Orcish Mines.
 19005 | D:10     | Noticed Joseph
 19007 | D:10     | Killed Joseph
 19060 | D:10     | Noticed Grum
 19082 | D:10     | Reached skill level 5 in Transmutations
 19150 | D:10     | Killed Grum
 19632 | D:10     | Killed a two-headed ogre
 19803 | D:11     | Noticed a boulder beetle
 19924 | D:11     | Killed a boulder beetle
 20058 | D:11     | Noticed a boulder beetle
 20091 | D:11     | Killed a boulder beetle
 20285 | D:11     | Noticed a green ugly thing
 20292 | D:11     | Killed a green ugly thing
 20409 | D:11     | Noticed a boulder beetle
 20413 | D:11     | Killed a boulder beetle
 20421 | D:11     | Found a runed translucent door.
 20421 | D:11     | Noticed a fire giant
 20421 | D:11     | Noticed a rakshasa
 20423 | D:11     | Noticed a deep elf zephyrmancer
 20423 | D:11     | Noticed a centaur warrior
 20423 | D:11     | Noticed a seven-headed hydra
 20424 | D:11     | Found a runed translucent door.
 20424 | D:11     | Noticed a rakshasa
 20425 | D:11     | Noticed a centaur warrior
 20426 | D:11     | Found a runed translucent door.
 20426 | D:11     | Found a runed translucent door.
 20430 | D:11     | Found a runed translucent door.
 20436 | D:11     | Noticed a rakshasa
 20436 | D:11     | Noticed an ogre mage
 20437 | D:11     | Noticed an ogre mage
 20763 | D:11     | Killed a purple ugly thing
 20897 | D:11     | Reached skill level 7 in Bows
 20943 | D:11     | Identified the ring "Syamiycya" {Fly rCorr Dex+4}
 21236 | D:11     | Killed an ogre mage
 21237 | D:11     | Reached skill level 8 in Bows
 21237 | D:11     | Reached XP level 12. HP: 41/56 MP: 18/25
 21420 | D:11     | Killed an ogre mage
 21439 | D:11     | Identified the +8 shortbow of Mywuedd {venom, rF+ rC- rN+
                  | Str+5}
 21448 | D:11     | Identified the +3 ring mail of Pacsoane {Slay+6}
 21474 | D:11     | Found a runed translucent door.
 21483 | D:11     | Found a runed translucent door.
 21483 | D:11     | Found a runed translucent door.
 21500 | D:11     | Found a runed translucent door.
 21500 | D:11     | Found a runed translucent door.
 21955 | D:11     | Killed a rakshasa
 21956 | D:11     | Reached skill level 9 in Bows
 21997 | D:11     | Found a runed translucent door.
 22001 | D:11     | Found a runed translucent door.
 22002 | D:11     | Found a runed translucent door.
 22015 | D:11     | Found a runed translucent door.
 22016 | D:11     | Found a runed translucent door.
 22753 | D:12     | Received a gift from Nemelex Xobeh
 23061 | D:12     | Identified the amulet of Qusuar {Regen+ Int+3}
 23115 | D:12     | Reached skill level 10 in Bows
 23329 | D:12     | Noticed a two-headed ogre
 23335 | D:12     | Killed a two-headed ogre
 23381 | D:12     | Received a gift from Nemelex Xobeh
 24069 | D:12     | Reached skill level 10 in Dodging
 24125 | D:12     | Noticed a five-headed hydra
 24129 | D:12     | Killed a five-headed hydra
 24167 | D:12     | Reached skill level 11 in Bows
 24444 | Lair:1   | Entered Level 1 of the Lair of Beasts
 24524 | Lair:1   | Noticed Fannar
 24723 | D:9      | Killed Fannar
 25025 | Lair:1   | Reached skill level 12 in Bows
 25148 | Lair:1   | Received a gift from Nemelex Xobeh
 25291 | Lair:1   | Noticed an eight-headed hydra
 25346 | Lair:1   | Killed an eight-headed hydra
 25391 | Lair:1   | Reached skill level 13 in Bows
 25416 | Lair:1   | Found a sacrificial altar of Ru.
 25633 | Lair:1   | Noticed a five-headed hydra
 25639 | Lair:1   | Killed a five-headed hydra
 25640 | Lair:1   | Reached XP level 13. HP: 61/61 MP: 26/26
 25726 | Lair:1   | Reached skill level 14 in Bows
 26278 | Lair:2   | Found a hide-covered altar of Uskayaw.
 26278 | Lair:2   | Found an ornate altar of the Wu Jian Council.
 26311 | Lair:2   | Received a gift from Nemelex Xobeh
 26449 | Lair:2   | Noticed Amaemon
 26453 | Lair:2   | Reached skill level 15 in Bows
 26480 | Lair:2   | Killed Amaemon
 26788 | Lair:2   | Noticed Gastronok
 26931 | Lair:2   | Killed Gastronok
 27122 | Lair:2   | Received a gift from Nemelex Xobeh
 27692 | Lair:2   | Found a hide-covered altar of Uskayaw.
 27696 | Lair:2   | Found an ornate altar of the Wu Jian Council.
 28087 | Lair:3   | Found a dark tunnel.
 28094 | Volcano  | Entered a volcano
 28683 | Volcano  | Found a radiant altar of Vehumet.
 28771 | Volcano  | Reached skill level 16 in Bows
 28976 | Lair:3   | Received a gift from Nemelex Xobeh
 29684 | Lair:4   | Reached ****** piety under Nemelex Xobeh
 29709 | Lair:4   | Received a gift from Nemelex Xobeh
 29736 | Lair:4   | Identified the +5 hand axe "Limpes" {antimagic, +Blink
                  | Will+ Str+4}
 29836 | Lair:4   | Found a hole to the Spider Nest.
 29852 | Lair:4   | Reached skill level 5 in Fighting
 30325 | Lair:4   | Found a staircase to the Swamp.
 30475 | Lair:4   | Received a gift from Nemelex Xobeh
 30815 | Lair:4   | Found a staircase to the Swamp.
 31266 | Lair:4   | Found a hole to the Spider Nest.
 31587 | Lair:5   | Reached skill level 5 in Poison Magic
 31704 | Lair:5   | Found a glowing golden altar of the Shining One.
 31762 | Lair:5   | Reached XP level 14. HP: 66/68 MP: 27/27
 31857 | Lair:5   | Received a gift from Nemelex Xobeh
 31870 | Lair:5   | Found a staircase to the Slime Pits.
 31871 | Lair:5   | Found a viscous altar of Jiyva.
 32095 | Lair:5   | Reached skill level 10 in Transmutations
 32318 | Lair:5   | Noticed Josephine
 32331 | Lair:5   | Killed Josephine
 32649 | Lair:6   | Entered Level 6 of the Lair of Beasts
 32724 | Lair:5   | Found a staircase to the Slime Pits.
 32724 | Lair:5   | Found a viscous altar of Jiyva.
 32798 | Lair:5   | Found a glowing golden altar of the Shining One.
 33276 | Lair:6   | Received a gift from Nemelex Xobeh
 33468 | Lair:6   | Received a gift from Nemelex Xobeh
 33905 | Lair:6   | Received a gift from Nemelex Xobeh
 34313 | Lair:6   | Found a large runed translucent door.
 34314 | Lair:6   | Found a large runed translucent door.
 35738 | Orc:1    | Entered Level 1 of the Orcish Mines
 35847 | Orc:1    | Found Duuvyohatt's Magic Scroll Shoppe.
 35854 | Orc:1    | Received a gift from Nemelex Xobeh
 36007 | Orc:1    | Noticed Harold
 36014 | Orc:1    | Killed Harold
 36186 | Orc:1    | Noticed Snorg
 36237 | Orc:1    | Killed Snorg
 36372 | Orc:2    | Entered Level 2 of the Orcish Mines
 36372 | Orc:2    | Found Ykhlag's Magic Scroll Shop.
 36392 | Orc:2    | Received a gift from Nemelex Xobeh
 36785 | Orc:2    | Found Nanwi's Distillery.
 37184 | Orc:2    | Found Logueda's Distillery.
 37192 | Orc:2    | Reached XP level 15. HP: 72/72 MP: 28/28
 37431 | Orc:2    | Identified the +0 long sword "Wuwyl" {speed, *Rage rPois
                  | Will+++ Stlth-}
 38634 | Orc:2    | Found Botym's General Store.
 38720 | Orc:2    | Found a staircase to the Elven Halls.
 38732 | Orc:2    | Found Hupp's Weapon Shop.
 38734 | Orc:2    | Received a gift from Nemelex Xobeh
 38816 | Orc:2    | Found Linoisk's Antique Armour Emporium.
 38938 | Orc:2    | Bought a glowing cloak for 172 gold pieces
 38970 | Orc:2    | Found Cayso's Magic Scroll Shoppe.
 39135 | Orc:2    | Noticed an orc warlord
 39199 | Orc:2    | Killed an orc warlord
 40724 | Orc:2    | Found Doth's Antique Armour Shoppe.
 40724 | Orc:2    | Found Guet's Jewellery Emporium.
 40930 | Orc:2    | Found a one-way gate leading to the halls of Pandemonium.
 41078 | Orc:1    | Bought a scroll of teleportation for 30 gold pieces
 41078 | Orc:1    | Bought a scroll of teleportation for 30 gold pieces
 41078 | Orc:1    | Bought a scroll of teleportation for 30 gold pieces
 41078 | Orc:1    | Bought a scroll of silence for 75 gold pieces
 41078 | Orc:1    | Bought a scroll of teleportation for 30 gold pieces
 41078 | Orc:1    | Bought a scroll of enchant weapon for 75 gold pieces
 41131 | Orc:2    | Bought a scroll of amnesia for 49 gold pieces
 41131 | Orc:2    | Bought a scroll of fear for 49 gold pieces
 41131 | Orc:2    | Bought a scroll of vulnerability for 105 gold pieces
 41131 | Orc:2    | Bought 2 scrolls of blinking for 210 gold pieces
 41131 | Orc:2    | Bought a scroll of fog for 28 gold pieces
 41131 | Orc:2    | Bought a scroll of identify for 28 gold pieces
 41206 | Orc:2    | Bought a scroll of teleportation for 45 gold pieces
 41206 | Orc:2    | Bought a scroll of teleportation for 45 gold pieces
 41206 | Orc:2    | Bought a scroll of teleportation for 45 gold pieces
 41206 | Orc:2    | Bought a scroll of fog for 30 gold pieces
 41206 | Orc:2    | Bought a scroll of fear for 52 gold pieces
 41237 | Orc:2    | Bought a potion of attraction for 45 gold pieces
 41237 | Orc:2    | Bought a potion of brilliance for 60 gold pieces
 41237 | Orc:2    | Bought a potion of heal wounds for 75 gold pieces
 41237 | Orc:2    | Bought 2 potions of curing for 90 gold pieces
 41237 | Orc:2    | Bought a potion of heal wounds for 75 gold pieces
 41237 | Orc:2    | Bought a potion of curing for 45 gold pieces
 41239 | Orc:2    | Bought a potion of mutation for 128 gold pieces
 41239 | Orc:2    | Bought a potion of attraction for 48 gold pieces
 41239 | Orc:2    | Bought 2 potions of heal wounds for 160 gold pieces
 41239 | Orc:2    | Bought a potion of mutation for 128 gold pieces
 41239 | Orc:2    | Bought a potion of curing for 48 gold pieces
 41239 | Orc:2    | Bought a potion of cancellation for 128 gold pieces
 41267 | Orc:2    | Bought 2 scrolls of blinking for 165 gold pieces
 41435 | D:13     | Received a gift from Nemelex Xobeh
 41826 | D:13     | Reached skill level 1 in Evocations
 41883 | D:13     | Found a gate to the Vaults.
 41970 | D:13     | Received a gift from Nemelex Xobeh
 42322 | D:13     | Received a gift from Nemelex Xobeh
 44480 | D:14     | Received a gift from Nemelex Xobeh
 44623 | D:14     | Learned a level 3 spell: Mephitic Cloud
 45341 | D:15     | Entered Level 15 of the Dungeon
 45797 | D:15     | Reached skill level 10 in Fighting
 45805 | D:15     | Reached skill level 1 in Translocations
 45904 | D:15     | Reached skill level 5 in Translocations
 45945 | D:15     | Reached XP level 16. HP: 85/85 MP: 29/29
 46039 | D:15     | Received a gift from Nemelex Xobeh
 46840 | D:15     | Found a staircase to the Depths.
 46938 | D:15     | Learned a level 6 spell: Dispersal
 47231 | Swamp:1  | Entered Level 1 of the Swamp
 47331 | Swamp:1  | Reached skill level 10 in Translocations
 47350 | Swamp:1  | Noticed Mlioglotl
 47483 | Swamp:1  | Noticed a bone dragon
 47483 | Swamp:1  | Noticed a tentacled starspawn
 47494 | Swamp:1  | Noticed a tentacled starspawn
 47760 | Swamp:1  | Killed Mlioglotl
 47772 | Swamp:1  | You fall into a shaft and drop 1 floor!
 47932 | Swamp:2  | Received a gift from Nemelex Xobeh
 48255 | Swamp:2  | Received a gift from Nemelex Xobeh
 49797 | Swamp:1  | Identified the +2 ring mail of Metec {MP+9}
 49895 | Swamp:1  | Noticed Kirke
 49906 | Swamp:1  | Killed Kirke
 50237 | Swamp:1  | HP: 3/72 [something (11)]
 50675 | Swamp:2  | Received a gift from Nemelex Xobeh
 51416 | Swamp:3  | Noticed a thorn hunter
 51527 | Swamp:2  | Killed a thorn hunter
 51982 | Swamp:3  | Noticed a thorn hunter
 52267 | Swamp:3  | Found a runed translucent door.
 52457 | Swamp:3  | Noticed Colgate's ghost (adept SpEn)
 52627 | Swamp:3  | Killed a thorn hunter
 52705 | Swamp:3  | Killed Colgate's ghost
 52774 | Swamp:4  | Entered Level 4 of the Swamp
 52976 | Swamp:4  | Noticed a tentacled monstrosity
 53073 | Swamp:4  | Killed from afar by a death drake

Illustrated notes

Levels and vault maps discovered:
D:1:      minmay_arrival_diagonal_passages, layout_basic,
          hellmonk_ecumenical_altar_inner_sanctum, amcnicky_mini_pool_small,
          feat_on_display
D:2:      layout_rooms
D:3:      layout_loops_cross, old_standard_altar,
          mainiacjoe_overflow_surrounded_room, dancing_weapons_uskayaw,
          serial_shops, nicolae_shop_advertising_works
          [nicolae_subvault_shop_adworks]
D:4:      layout_layer_cave
D:5:      layout_loops_ring, mainiacjoe_overflow_boulevard,
          cheibrodos_sewer_entry_sluice
D:6:      layout_loops_corners, elyvilon_altar_4, lightli_temple_of_fire,
          serial_shops, shop, kennysheep_opposing_triangles, uniq_maggie
D:7:      layout_basic, nicolae_overflow_crystal_walls,
          okawaru_metal_pillars_1_2, pdpol_wu_jian_five_deadly_venoms,
          minmay_temple_entry_trees
D:8:      layout_rooms, grunt_temple_overflow_open
D:9:      layout_roguey, nicolae_ru_great_annihilating_truth,
          david_lair_shrubbed, serial_bayou, serial_bayou_lake_a,
          serial_bayou_pond_a, serial_bayou_lagoon_b, hangedman_tell_no_tales
D:10:     layout_roguey, grunt_qazlal_clouds, evilmike_ruin_ashenzari,
          uniq_erica, uniq_joseph, uniq_urug, uniq_grum
D:11:     minmay_the_grid_triangle_9x9_recursive_3_mashed
          [minmay_the_grid_triangle_9x9_longest,
          minmay_the_grid_triangle_9x9_tough_junction,
          minmay_the_grid_triangle_9x9_fully_insulated_deathbox,
          minmay_the_grid_triangle_9x9_prize_insulated,
          minmay_the_grid_triangle_9x9_descending_squares,
          minmay_the_grid_triangle_9x9_dagger,
          minmay_the_grid_triangle_9x9_limited_checkers,
          minmay_the_grid_triangle_9x9_steps,
          minmay_the_grid_triangle_9x9_corrupted_corridor], layout_rooms
D:12:     kennysheep_spiral_hall, layout_basic, minmay_gold_behind_fungi
D:13:     layout_layer_cave, david_vaults_5
D:14:     layout_big_octagon, serial_bayou_ford_a
D:15:     gammafunk_enter_depths_forms, layout_basic, grunt_decor_arrowhead
Temple:   corrupted_temple
Lair:1:   minmay_lair_venomous_thicket, layout_loops_ring, lemuel_centaur_altar,
          infiniplex_staircase_pool_2, uniq_fannar
Lair:2:   layout_chaotic_city, nzn_masters_of_martial_movement,
          grunt_megastairs_3, lemuel_fruit_fields, uniq_amaemon, uniq_gastronok
Lair:3:   layout_small_grid, nicolae_volcano_entry_hallway, grunt_megastairs_1
Lair:4:   layout_cave_pods, nicolae_swamp_entry_splash_gauntlet,
          nicolae_spider_entry_tight_spaces, lemuel_fruit_fields,
          serial_bayou_shore_b
Lair:5:   layout_regular_city, slime_altar_1, basic_altar,
          dreamdust_gnoll_shepherd, uniq_josephine
Lair:6:   cheibrodos_lair_end_hotspot, layout_small_grid, serial_rivers,
          chequers_serial_rivers_micro_b, chequers_serial_rivers_micro_c,
          chequers_serial_rivers_small_b, chequers_serial_rivers_large_b,
          chequers_serial_rivers_large_a, chequers_serial_rivers_micro_d
Swamp:1:  layout_basic_swamp, nicolae_swamp_ascending_descending,
          uniq_mlioglotl, uniq_kirke
Swamp:2:  layout_basic_swamp, serial_swamp_ruin, evilmike_swamp_ruin_rubble_1,
          evilmike_swamp_ruin_house_3
Swamp:3:  layout_basic_swamp, ebering_ghost_reflecting_pool,
          hangedman_swamp_ruin_wall, swamp_pool2
Swamp:4:  nzn_swamp_witches_coven, layout_basic_swamp
Orc:1:    layout_caves, basic_altar, serial_shops, shop_fountains, uniq_harold,
          uniq_snorg
Orc:2:    pf_orc_diabolical, layout_diamond_mine, serial_shops,
          nicolae_shop_statue_plus, nicolae_shop_waterfront, shop,
          nicolae_shop_bloodbath_and_beyond, nicolae_shop_behind_doors

Skill      XL: |  1  2  3  4  5  6  7  8  9 10 11 12 13 14 15 16 |
---------------+-------------------------------------------------+-----
Hexes          | 4 5 6 7 9 10 11 | 11.2
Spellcasting   | 3 4 5 7 8 9 |  9.0
Stealth        | 5 8 11 12 14 | 14.0
Invocations    | 1 7 8 |  8.1
Fighting       | 1 2 3 4 5 10 | 10.9
Dodging        | 3 7 9 10 11 12 | 12.0
Bows           | 6 8 13 16 | 16.0
Transmutations | 2 6 7 8 14 | 14.0
Poison Magic   | 4 5 9 |  9.0
Short Blades   | 3 |  3.1
Evocations     | 4 |  4.1
Translocations | 5 14 | 14.0

Action                   |  1- 3 |  4- 6 |  7- 9 | 10-12 | 13-15 | 16-18 || total
-------------------------+-------+-------+-------+-------+-------+-------++-------
Melee: Dagger            |   100 |    58 |    79 |    86 |     9 |    11 ||   343
       Punch             |       |       |     2 |     1 |       |     2 ||     5
       Staff             |       |       |       |     3 |       |       ||     3
       Quick blade       |       |       |       |       |       |    20 ||    20
 Fire: Shortbow          |       |       |    24 |   436 |  1494 |   659 ||  2613
 Cast: Ensorcelled Hiber |    17 |    67 |    80 |    62 |     4 |       ||   230
       Confusing Touch   |       |     2 |     2 |     4 |       |     1 ||     9
       Tukima's Dance    |       |       |     2 |     6 |     8 |       ||    16
       Alistair's Intoxi |       |       |       |     3 |     1 |       ||     4
       Dispersal         |       |       |       |       |       |    12 ||    12
       Mephitic Cloud    |       |       |       |       |       |     5 ||     5
Invok: Draw Destruction  |       |       |     5 |       |       |       ||     5
       Stack Five        |       |       |     1 |       |       |       ||     1
       Draw Summoning    |       |       |       |       |     1 |     1 ||     2
       Draw Stack        |       |       |       |       |       |     3 ||     3
  Use: Scroll            |     2 |     4 |    11 |     9 |    10 |     5 ||    41
 Stab: Sleeping          |    25 |    44 |    67 |    45 |     4 |     1 ||   186
       Confused          |       |       |       |     5 |       |       ||     5
Armor: Robe              |     5 |    10 |    12 |    15 |     6 |       ||    48
       Troll leather arm |       |       |       |       |       |    32 ||    32
Dodge: Dodged            |    52 |    67 |    73 |    95 |    88 |   131 ||   506

Table legend: (Time is in decaauts)
 A = Elapsed time spent in this place.
 B = Non-inter-level travel time spent in this place.
 C = Inter-level travel time spent in this place.
 D = Time resting spent in this place.
 E = Time spent auto-exploring this place.
 F = Levels seen in this place.
 G = Mean time per level.
                   A        B        C        D        E       F      G
               +--------+--------+--------+--------+--------+-----+--------+
         Total |  38006 |  35839 |   2167 |   5424 |  22617 |  30 | 1266.9 |
       Dungeon |  21927 |  20777 |   1150 |   1600 |  14755 |  15 | 1461.8 |
        Temple |     26 |     19 |      7 |      0 |     14 |   1 |   26.0 |
          Lair |   7096 |   6549 |    547 |    670 |   4396 |   6 | 1182.7 |
         Swamp |   3394 |   3246 |    148 |    363 |   1870 |   4 |  848.5 |
  Orcish Mines |   4636 |   4322 |    314 |   2787 |    846 |   2 | 2318.0 |
         Sewer |    383 |    383 |      0 |      0 |    308 |   1 |  383.0 |
       Volcano |    541 |    541 |      0 |      3 |    426 |   1 |  541.0 |
               +--------+--------+--------+--------+--------+-----+--------+

Top non-repeatable levels by time:
   Orc:2: 4120 daAuts
     D:9: 2716 daAuts
    D:11: 2408 daAuts
    D:12: 2271 daAuts
     D:3: 2227 daAuts
     D:6: 1921 daAuts
  Lair:4: 1802 daAuts
     D:5: 1699 daAuts
  Lair:6: 1376 daAuts
 Swamp:1: 1291 daAuts
    D:10: 1254 daAuts
  Lair:5: 1225 daAuts
  Lair:2: 1205 daAuts
     D:8: 1204 daAuts
 Swamp:2: 1193 daAuts
